 Dungeon Crawl Stone Soup version 0.29.1-13-g9f3cf754e1 (webtiles) character file.

Game seed: 9424251444197494143

271 croobank the Covert (level 6, -2/32 HPs)
             Began as a Spriggan Delver on Feb 1, 2023.
             Slain by a gnoll
             ... wielding a +0 spear
              (4 damage)
             ... on level 4 of the Dungeon.
             The game lasted 00:16:43 (3826 turns).

croobank the Covert (Spriggan Delver)               Turns: 3826, Time: 00:16:44

Health: -2/32      AC:  3    Str: 10    XL:     6   Next: 2%
Magic:  7/7        EV: 10    Int: 11    God:
Gold:   90         SH:  0    Dex: 17    Spells: 5/5 levels left

rFire   . . .      SeeInvis +   l - +2 club (spect)
rCold   . . .      Faith    .   (no shield)
rNeg    . . .      Spirit   .   b - +0 robe
rPois   .          Reflect  .   (helmet restricted)
rElec   .          Harm     .   q - +0 cloak
rCorr   .          Rampage  .   (gloves unavailable)
Will    +....                   (boots unavailable)
Stlth   ++++......              j - amulet of magic regeneration
HPRegen 0.10/turn               (no ring)
MPRegen 0.50/turn               (no ring)

@: held, very quick
A: very small, no large weapons, unfitting armour, see invisible, speed 3
a: no special abilities


You were on level 4 of the Dungeon.
You visited 1 branch of the dungeon, and saw 7 of its levels.

You collected 165 gold pieces.
You spent 75 gold pieces at shops.

Inventory:

Hand Weapons
 a - a +0 short sword of chaos
 l - a +2 spectral club (weapon)
Missiles
 e - 5 poisoned darts (quivered)
 r - 6 atropa-tipped darts
Armour
 b - a +0 robe (worn)
 q - a +0 cloak (worn)
Jewellery
 j - an amulet of magic regeneration (around neck)
Wands
 d - a wand of polymorph (14)
 f - a wand of acid (5)
 g - a wand of digging (2)
Scrolls
 c - a scroll of fog
 h - a scroll of poison
 i - 2 scrolls of immolation
 m - a scroll of teleportation
Potions
 k - a potion of heal wounds
 n - 4 potions of curing
 o - a potion of berserk rage {unknown}
 p - 2 potions of lignification {unknown}
 s - a potion of mutation {unknown}


   Skills:
 + Level 3.4 Fighting
 + Level 4.0 Short Blades
 + Level 4.7 Dodging
 + Level 8.6 Stealth


You had 5 spell levels left.
You didn't know any spells.
Your spell library was empty.

Dungeon Overview and Level Annotations

Branches:
Dungeon (7/15)             Temple (0/1) D:5

Altars:
Ashenzari

Shops:
D:3 ![!*   D:4 [(


Innate Abilities, Weirdness & Mutations

You are very small and have problems with some larger weapons.
You are too small for most types of armour.
You have supernaturally acute eyesight. (SInv)
You cover ground extremely quickly. (Speed+++)


Message History

Found a stone staircase leading down.
Found Ixiehuw's Antique Armour Boutique.
There are monsters nearby!
Okay, then.
Welcome back, croobank the Spriggan Delver.
Press ? for a list of commands and other information.
You don't know any spells.
Your library has no spells.
The gnoll shouts! x2; You hear a shout! x2
A goblin comes into view. It is wielding a +0 club.
The gnoll closely misses you.
You hit the gnoll.
The gnoll is lightly wounded.
Your +2 spectral club hits the gnoll.
The gnoll misses you. The gnoll completely misses you.
The goblin barely misses your +2 spectral club.
You hit the gnoll.
The gnoll is severely wounded.
Your +2 spectral club hits the gnoll.
The goblin hits your +2 spectral club but does no damage.
The gnoll misses you.
The gnoll closely misses your +2 spectral club.
The gnoll barely misses you.
The gnoll throws a throwing net.
The throwing net hits you.
You become entangled in the net!
The gnoll barely misses you.
The goblin completely misses your +2 spectral club.
The gnoll misses your +2 spectral club.
The gnoll closely misses you.
The gnoll hits you from afar with a +0 spear.
You are held in a net!
You tear a large gash into the net.
The gnoll hits you with a +0 halberd. The gnoll hits you but does no damage.
The gnoll hits you from afar with a +0 halberd!
The gnoll hits you from afar with a +0 spear.
* * * LOW HITPOINT WARNING * * *
You struggle against the net.
The gnoll barely misses you. The gnoll misses you.
The gnoll closely misses you. The goblin hits you with a +0 club.
* * * LOW HITPOINT WARNING * * *
The gnoll hits you from afar with a +0 spear.
You die...

......)............
....# #.............S...
...∩.. .
##############...
.#....## ## #...#
#.#######...8.# #...#
##.#.....#
##...#########..#.>.∩.#
................#.....#
##...##########.#######.
#...# ##@......# ##...#
#.gg..##.## .....#
#..ggg# ####.# #.....#
####.#########.....#
...)................
####.....#####.......
#.....# #........
#.[...#


You could see a water moccasin (wandering), 4 gnolls and a goblin.

Vanquished Creatures
  An ogre (D:4)
  2 howler monkeys (D:7)
  Jessica (D:2)
  A gnoll (D:3)
  2 adders
  A worm (D:2)
  A dart slug (D:2)
  An orc (D:4)
  5 bats
  6 endoplasms
  A giant cockroach (D:1)
  5 goblins
  2 hobgoblins
  6 jackals
  A quokka (D:1)
  8 ball pythons
  5 frilled lizards
  4 kobolds
  8 rats
61 creatures vanquished.

Vanquished Creatures (others)
  A fungus (D:5)
1 creature vanquished.

Grand Total: 62 creatures vanquished

Notes
Turn   | Place    | Note
-------+----------+-------------------------------------------
     0 | D:5      | croobank the Spriggan Delver began the quest for the Orb.
     0 | D:5      | Reached XP level 1. HP: 11/11 MP: 2/2
     2 | D:6      | Noticed an ogre
     8 | D:7      | Noticed a howler monkey
     8 | D:7      | Noticed a howler monkey
     8 | D:7      | Noticed a howler monkey
    13 | D:7      | Killed a howler monkey
    14 | D:7      | Reached XP level 2. HP: 16/16 MP: 3/3
    14 | D:7      | Reached XP level 3. HP: 19/19 MP: 4/4
    25 | D:7      | Reached XP level 4. HP: 18/23 MP: 5/5
    31 | D:7      | Noticed a wyvern
   368 | D:5      | Noticed a water moccasin
   402 | D:4      | Found Tiemmim's Antique Weapon Shop.
   441 | D:4      | Noticed an ogre
   465 | D:5      | Noticed a water moccasin
   484 | D:5      | Noticed a gnoll sergeant
   509 | D:3      | Found Dugick's Antique Armour Boutique.
   541 | D:4      | Reached skill level 8 in Stealth
  1109 | D:3      | Noticed Terence
  1110 | D:3      | Found Mirifeut's Distillery.
  1115 | D:3      | Noticed Terence
  1115 | D:3      | Terence changed into Terence the gnoll
  1134 | D:3      | Killed Terence the gnoll
  2825 | D:2      | Reached XP level 5. HP: 28/28 MP: 6/6
  2843 | D:2      | Noticed Jessica
  2879 | D:2      | Killed Jessica
  3497 | D:3      | Found a broken altar of Ashenzari.
  3586 | D:3      | Found Kyaddeg's Assorted Antiques.
  3591 | D:3      | Bought a brown potion for 21 gold pieces
  3591 | D:3      | Bought a scroll labelled OXTIUQUAVY for 24 gold pieces
  3648 | D:3      | Found Kiateag's Distillery.
  3656 | D:3      | Bought a potion of curing for 30 gold pieces
  3721 | D:3      | Noticed Grinder
  3735 | D:3      | Paralysed by Grinder for 3 turns
  3801 | D:4      | Killed an ogre
  3802 | D:4      | Reached XP level 6. HP: 32/32 MP: 7/7
  3819 | D:4      | Found Ixiehuw's Antique Armour Boutique.
  3826 | D:4      | Slain by a gnoll

Illustrated notes

Levels and vault maps discovered:
D:1:      eino_arrival_cavern_d, layout_basic, minmay_misc_feat_x,
          chequers_avenue
D:2:      layout_loops_ring, kennysheep_nondescript, minmay_rat_gold_closets,
          uniq_jessica
D:3:      layout_loops_ring, gammafunk_temple_overflow_wave,
          mainiacjoe_overflow_boulevard, serial_shops, shop, shop,
          nicolae_shop_hallway_plus, shop, uniq_terence, uniq_grinder
D:4:      layout_basic, yredelemnul_altar_generic, serial_shops, shop_statue,
          nicolae_take_the_stairs
D:5:      layout_cave_pools, kennysheep_little_box, kennysheep_mini,
          temple_statues, grunt_decor_junction, uniq_crazy_yiuf_cottage
D:6:      layout_basic, grunt_temple_overflow_opulence, gup_sewer_entry_spiral,
          hex_tiny, patterned_corridor, uniq_blork_the_orc
D:7:      layout_layer_cave, mainiacjoe_overflow_small_starburst

Skill      XL: |  1  2  3  4  5 |
---------------+----------------+-----
Dodging        | 3 4 |  4.7
Short Blades   | 3 4 |  4.0
Fighting       | 3 |  3.4
Stealth        | 8 |  8.6

Action                   |  1- 3 |  4- 6 || total
-------------------------+-------+-------++-------
Melee: Short sword       |    14 |   162 ||   176
       Club              |       |    35 ||    35
       Punch             |       |     1 ||     1
Evoke: Wand              |       |     5 ||     5
  Use: Scroll            |       |    11 ||    11
       Potion            |       |     3 ||     3
 Stab: Sleeping          |     1 |    30 ||    31
Armor: Robe              |     1 |    14 ||    15
Dodge: Dodged            |    12 |   167 ||   179
